 Seeded DCSS version 0.31.0-12-g77e489cdc1 (webtiles) character file.

Game seed: 3847032 (custom seed)

107 lonewolfV2 the Trooper (level 5, -8/42 (43) HPs)
             Began as a Formicid Fighter on Feb 14, 2024.
             Killed from afar by Ijyb (19 damage)
             ... with a bolt of acid
             ... on level 4 of the Dungeon.
             The game lasted 00:04:15 (2246 turns).

lonewolfV2 the Trooper (Formicid Fighter)           Turns: 2246, Time: 00:04:15

HP:   -8/42 (43)    AC:  5    Str: 20    XL:     5   Next: 10%
MP:   5/5           EV:  7    Int:  8    God:
Gold: 141           SH:  6    Dex: 15    Spells: 4/4 levels left

rFire   . . .        a - +0 war axe (drain)
rCold   . . .        c - +1 buckler
rNeg    . . .        i - +0 chain mail
rPois   .            (helmet unavailable)
rElec   .            (no cloak)
rCorr   .            (no gloves)
SInv    +            (no boots)
Will    .....        (no amulet) Stlth
                     (no ring)
HPRegen 0.27/turn    (no ring)
MPRegen 0.09/turn

%: no passive effects
@: corroded, lightly drained
A: permanent stasis, dig shafts and tunnels, antennae 3, four strong arms
a: Dig, Shaft Self


You were on level 4 of the Dungeon.
You visited 1 branch of the dungeon, and saw 4 of its levels.

You collected 141 gold pieces.

Inventory:

Hand Weapons
 a - a +0 war axe of draining (weapon)
Armour
 c - a +1 buckler (worn)
 i - a +0 chain mail (worn)
Scrolls
 b - a scroll of teleportation
 h - a scroll of identify
Potions
 d - 2 potions of might
 e - 2 potions of attraction {unknown}
 f - 2 potions of cancellation
 g - 2 potions of degeneration
 k - a potion of berserk rage {unknown}
 l - a potion of enlightenment {unknown}


   Skills:
 + Level 4.3 Fighting
 * Level 4.1 Axes
 - Level 3.2 Armour
 - Level 4.0 Shields


You had 4 spell levels left.
You didn't know any spells.
Your spell library contained the following spells:

 Spells                   Type           Power      Damage    Failure   Level
 Freeze                   Ice            0%         1d3       99%         1
 Shock                    Conj/Air       0%         1d3       99%         1
 Call Imp                 Summ           0%         N/A       99%         2
 Sublimation of Blood     Necr           0%         N/A       99%         2
 Frozen Ramparts          Ice            0%         1d1       100%        3
 Hailstorm                Conj/Ice       0%         3d5       100%        3
 Summon Ice Beast         Ice/Summ       0%         N/A       100%        3
 Airstrike                Air            0%         2d(0-16)  100%        4
 Sculpt Simulacrum        Ice/Alch       0%         N/A       100%        6
 Summon Hydra             Summ           0%         N/A       100%        7
 Swiftness                Air            Unusable   N/A       N/A         3

Dungeon Overview and Level Annotations

Branches:
Dungeon (4/15)
 Temple: D:4-7

Altars:

Shops:
D:2 =

Annotations:
D:4 Ijyb


Innate Abilities, Weirdness & Mutations

You cannot be hasted, slowed, berserked, paralysed or teleported.
You can dig through walls and to a lower floor.
You have a pair of large antennae on your head. (SInv)
Your four strong arms can wield two-handed weapons with a shield.


Message History

A goblin comes into view. It is wielding a +0 dagger.
A hobgoblin comes into view.
The goblin shouts!
The hobgoblin shouts!
You slash the ball python!
You kill the ball python!
You see here 8 gold pieces.
You slash the goblin!
You kill the goblin!
You hit the hobgoblin but do no damage.
A ball python comes into view.
The hobgoblin hits you but does no damage.
You closely miss the hobgoblin. The hobgoblin barely misses you.
The hobgoblin hits you.
You closely miss the hobgoblin. The hobgoblin barely misses you.
You hit the hobgoblin but do no damage. You drain the hobgoblin.
The hobgoblin is severely wounded.
The hobgoblin hits you but does no damage.
You slash the hobgoblin!
You kill the hobgoblin!
You hit the ball python. You drain the ball python.
You kill the ball python!
Things that are here:
a +0 dagger; a hobgoblin corpse You see here a ball python corpse.
Things that are here:
a +0 dagger; a hobgoblin corpse You now have 137 gold pieces (gained 8).
You now have 141 gold pieces (gained 4).
Found a stone staircase leading up.
Ijyb the Twisted Goblin comes into view.
She is wielding a +0 club and carrying a wand of acid.
Found 3 stones.
Found a stone staircase leading down.
Ijyb is nearby!
Ijyb is nearby!
Ijyb screams, "Me kill you!"
Ijyb zaps a wand.
The bolt of acid hits you. The acid corrodes you!
Ijyb zaps a wand.
The bolt of acid hits you!!
Ouch! That really hurt!
* * * LOW HITPOINT WARNING * * *
Ijyb zaps a wand.
The bolt of acid hits you!!
You die...

#........#
#........# {
#........#
#........#
##........#
##.........#
#..........#
###+##+#........#
#..>.@..........#
#..g....#########
#.......#
#(......#
#.......#
#########


You could see Ijyb.

Vanquished Creatures
  2 adders
  4 dart slugs
  2 ribbon worms (D:3)
  An orc (D:3)
  9 ball pythons
  4 endoplasms
  3 giant cockroaches
  9 goblins
  6 hobgoblins
  9 jackals
  5 kobolds
  8 bats
  3 frilled lizards
  5 rats
70 creatures vanquished.

Notes
Turn   | Place    | Note
-------+----------+-------------------------------------------
     0 | D:1      | lonewolfV2 the Formicid Fighter began the quest for the
                  | Orb.
     0 | D:1      | Reached XP level 1. HP: 18/18 MP: 1/1
   185 | D:1      | Reached XP level 2. HP: 16/24 MP: 2/2
   221 | D:1      | Reached XP level 3. HP: 8/30 MP: 3/3
   953 | D:2      | Found Niureck's Jewellery Emporium.
  1140 | D:2      | Reached XP level 4. HP: 35/37 MP: 4/4
  1240 | D:2      | Found a faded altar of an unknown god.
  2093 | D:4      | Reached XP level 5. HP: 39/40 MP: 5/5
  2242 | D:4      | Noticed Ijyb
  2246 | D:4      | Killed from afar by Ijyb

Illustrated notes

Levels and vault maps discovered:
D:1:      minmay_arrival_hallway, layout_loops_ring, serial_bayou_pond_b
D:2:      layout_basic, serial_shops, shop,
          shapermc_ecumenical_altar_notcrosses, st_stairs_5
D:3:      layout_rooms
D:4:      layout_basic, uniq_ijyb

Skill      XL: |  1  2  3  4 |
---------------+-------------+-----
Axes           | 3 4 |  4.1
Fighting       | 4 |  4.3
Armour         | |  3.2
Shields        | |  4.0

Action                     |  1- 3 |  4- 6 || total
---------------------------+-------+-------++-------
  Melee: War axe           |    76 |    71 ||   147
    Use: Scroll            |     2 |     7 ||     9
 Armour: Scale mail        |    54 |       ||    54
         Chain mail        |    50 |    65 ||   115
  Dodge: Dodged            |    49 |    26 ||    75
  Block: Buckler           |    32 |    26 ||    58
